 Dungeon Crawl Stone Soup version 0.28-a0-1435-g82390b3a13 (webtiles) character file.

Game seed: 277794603684785589

92 croobank the Insei (level 4, -2/36 HPs)
             Began as a Draconian Transmuter on Jan 9, 2022.
             Slain by a gnoll (5 damage)
             ... on level 3 of the Dungeon.
             The game lasted 00:06:29 (1432 turns).

croobank the Insei (Draconian Transmuter)           Turns: 1432, Time: 00:06:30

Health: -2/36      AC:  5    Str: 12    XL:     4   Next: 35%
Magic:  15/16      EV: 12    Int: 14    God:
Gold:   59         SH:  0    Dex: 13    Spells: 5/8 levels left

rFire   . . .      SeeInvis .     - Unarmed
rCold   . . .      Faith    .   (no shield)
rNeg    . . .      Spirit   .   (armour unavailable)
rPois   .          Reflect  .   (helmet restricted)
rElec   .          Harm     .   (no cloak)
rCorr   .          Rampage  .   (no gloves)
Will    .....                   (no boots)
Stlth   +.........              (no amulet)
HPRegen 0.12/turn               g - ring of magical power
MPRegen 0.15/turn               (no ring)

@: wereblooded
A: AC +5, unfitting armour, cold-blooded
a: no special abilities


You were on level 3 of the Dungeon.
You visited 1 branch of the dungeon, and saw 3 of its levels.

You collected 59 gold pieces.

Inventory:

Missiles
 b - 70 stones
 d - 40 arrows
 e - 10 poisoned darts
 h - 38 bolts
 i - 17 sling bullets
Jewellery
 c - a ring of ice
 g - a ring of magical power (left hand)
Scrolls
 j - 2 scrolls of identify {unknown}
Potions
 a - a potion of flight {unknown}
 f - a potion of curing


   Skills:
 + Level 2.1 Fighting
 + Level 2.4 Dodging
 + Level 3.5 Unarmed Combat
 + Level 2.6 Spellcasting
 + Level 2.7 Transmutations


You had 5 spell levels left.
You knew the following spells:

 Your Spells              Type           Power      Damage    Failure   Level
a - Beastly Appendage     Tmut           18%        N/A       8%          1
b - Wereblood             Tmut           9%         N/A       11%         2

Your spell library contained the following spells:

 Spells                   Type           Power      Damage    Failure   Level
 Spider Form              Tmut/Pois      5%         N/A       36%         3
 Ice Form                 Ice/Tmut       5%         N/A       77%         4


Dungeon Overview and Level Annotations

Branches:
Dungeon (3/15)

Altars:

Shops:
D:1 =


Innate Abilities, Weirdness & Mutations

Your plain brown scales are hard. (AC +5)
You cannot fit into any form of body armour.
You are cold-blooded and may be slowed by cold attacks.


Message History

The gnoll hits you with a +0 club. x2
A gnoll comes into view. It is wielding a +0 spear.
You hit the gnoll.
You feel a bit better.
You kill the gnoll!
The gnoll barely misses you.
You barely miss the dart slug. You claw the dart slug.
You headbutt the dart slug, but do no damage.
The dart slug is lightly wounded.
The gnoll hits you with a +0 club.
You hit the dart slug but do no damage. You claw the dart slug!
You feel a bit better.
You kill the dart slug!
The gnoll hits you with a +0 club.
You barely miss the gnoll. You claw the gnoll.
The gnoll is lightly wounded.
You howl as the wereblood boils in your veins!
The gnoll hits you with a +0 club.
You hit the gnoll. You claw the gnoll, but do no damage.
The gnoll is moderately wounded.
Your horns disappear.
Your talons disappear.
The gnoll hits you with a +0 club.
You hit the gnoll.
The gnoll is severely wounded.
The gnoll barely misses you. The gnoll misses you.
The gnoll hits you with a +0 spear. The gnoll hits you with a +0 club.
Things that are here:
a +0 club; a gnoll corpse You hit the gnoll.
Your tail-slap misses the gnoll.
The gnoll is moderately wounded.
The gnoll hits you with a +0 spear.
* * * LOW HITPOINT WARNING * * *
The gnoll hits you with a +0 club.
* * * LOW HITPOINT WARNING * * *
It was a potion of curing.
You feel better. The gnoll hits you with a +0 spear.
* * * LOW HITPOINT WARNING * * *
The gnoll closely misses you.
The gnoll hits you from afar with a +0 spear.
* * * LOW HITPOINT WARNING * * *
The gnoll hits you with a +0 club.
You die...

######## #......#
#.####.# #.#
#.##### #.# #....<#
# #.##########.##
#....@.g......#
.####...g...#...##
.........(.).......
...........).......
#.####.......#.....
. #.......# ....
#.......# ...
#.......# ##
#.......#


You could see 2 gnolls.

Vanquished Creatures
  2 gnolls (D:3)
  2 adders (D:2)
  A worm (D:2)
  4 dart slugs
  2 bats (D:2)
  6 endoplasms
  A giant cockroach (D:2)
  5 goblins
  2 hobgoblins
  5 jackals
  8 ball pythons
  A kobold (D:2)
  3 rats
42 creatures vanquished.

Notes
Turn   | Place    | Note
-------+----------+-------------------------------------------
     0 | D:1      | croobank the Draconian Transmuter began the quest for the
                  | Orb.
     0 | D:1      | Reached XP level 1. HP: 16/16 MP: 3/3
     1 | D:1      | Found a faded altar of an unknown god.
    82 | D:1      | Reached XP level 2. HP: 20/23 MP: 3/5
   174 | D:1      | Found Calaam's Jewellery Emporium.
   285 | D:1      | Learned a level 2 spell: Wereblood
   626 | D:2      | Reached XP level 3. HP: 29/29 MP: 6/6
  1253 | D:2      | Reached XP level 4. HP: 36/36 MP: 7/7
  1432 | D:3      | Slain by a gnoll

Illustrated notes

Levels and vault maps discovered:
D:1:      grunt_arrival_lava_bath, layout_rooms, serial_shops,
          nicolae_shop_advertising_works [nicolae_subvault_shop_adworks],
          nicolae_ecumenical_snake_handling, st_stairs_2
D:2:      layout_rooms
D:3:      layout_basic, gammafunk_ghost_grave, uniq_sigmund

Skill      XL: |  1  2  3 |
---------------+----------+-----
Dodging        | 2 |  2.4
Fighting       | 2 |  2.1
Unarmed Combat | |  3.5
Spellcasting   | |  2.6
Transmutations | |  2.7

Action                   |  1- 3 |  4- 6 || total
-------------------------+-------+-------++-------
Melee: Unarmed           |    82 |    13 ||    95
       Kick              |    14 |     7 ||    21
       Tailslap          |     9 |     2 ||    11
       Headbutt          |     8 |     2 ||    10
       Punch             |       |     2 ||     2
 Cast: Beastly Appendage |    18 |     1 ||    19
       Wereblood         |     1 |     1 ||     2
  Use: Scroll            |     3 |       ||     3
       Potion            |       |     1 ||     1
 Stab: Sleeping          |     1 |       ||     1
Armor: Skin              |    31 |     1 ||    32
Dodge: Dodged            |    50 |     9 ||    59

Table legend: (Time is in decaauts)
 A = Elapsed time spent in this place.
 B = Non-inter-level travel time spent in this place.
 C = Inter-level travel time spent in this place.
 D = Time resting spent in this place.
 E = Time spent auto-exploring this place.
 F = Levels seen in this place.
 G = Mean time per level.
                   A        B        C        D        E       F      G
               +--------+--------+--------+--------+--------+-----+--------+
         Total |   1424 |   1361 |     63 |    361 |    665 |   3 |  474.7 |
       Dungeon |   1424 |   1361 |     63 |    361 |    665 |   3 |  474.7 |
               +--------+--------+--------+--------+--------+-----+--------+

Top non-repeatable levels by time:
     D:2: 771 daAuts
     D:1: 614 daAuts
     D:3: 39 daAuts
